 Dungeon Crawl Stone Soup version 0.29-a0-553-g81b289dbe5 (webtiles) character file.

Game seed: 17367589728979719918

1414 frimble the Basher (level 9, -6/72 HPs)
             Began as a Meteoran Cinder Acolyte on June 7, 2022.
             Was a High Priest of Ignis.
             Killed from afar by a white imp (10 damage)
             ... with a puff of frost
             ... on level 7 of the Dungeon.
             The game lasted 00:07:38 (1034 turns).

frimble the Basher (Meteoran Cinder Acolyte)        Turns: 1034, Time: 00:07:38

Health: -6/72      AC:  5    Str: 16    XL:     9   Next: 21%
Magic:  1/15       EV: 12    Int: 20    God:    Ignis [*****.]
Gold:   96         SH:  0    Dex: 10    Spells: 6/15 levels left

rFire   + . .      SeeInvis .   a - +0 mace (flame)
rCold   . . .      Faith    .   (no shield)
rNeg    . . .      Spirit   .   n - +0 steam dragon scales
rPois   .          Reflect  .   (no helmet)
rElec   .          Harm     .   (no cloak)
rCorr   .          Rampage  .   (no gloves)
Will    +....                   (no boots)
Stlth   +.........              (no amulet)
HPRegen 0.22/turn               (no ring)
MPRegen 0.14/turn               (no ring)

@: on berserk cooldown, very slightly contaminated, slowed, glowing, very slow
A: sense surroundings 2, otherworldly, glowing, explore regen
a: Renounce Religion, Fiery Armour, Foxfire Swarm, Rising Flame


You were on level 7 of the Dungeon.
You worshipped Ignis.
Ignis was extremely pleased with you.
You visited 1 branch of the dungeon, and saw 7 of its levels.

You collected 96 gold pieces.

Inventory:

Hand Weapons
 a - a +0 mace of flaming (weapon)
Armour
 b - a +1 robe
 n - +0 steam dragon scales (worn)
Wands
 j - a wand of digging (7)
Scrolls
 l - a scroll of vulnerability
 m - a scroll of amnesia {unknown}
 o - a scroll of summoning {unknown}
Potions
 c - a potion of might
 e - a potion of magic {unknown}
 f - a potion of lignification {unknown}
 g - a potion of flight {unknown}
 h - a potion of degeneration {unknown}
 i - a potion of cancellation {unknown}
 k - a potion of curing {unknown}


   Skills:
 + Level 4.7 Fighting
 - Level 8.0 Maces & Flails
 - Level 4.0 Dodging
 - Level 3.7 Spellcasting
 - Level 3.8 Fire Magic
 - Level 7.0 Ice Magic
 + Level 2.4 Poison Magic


You had 6 spell levels left.
You knew the following spells:

 Your Spells              Type           Power      Damage    Failure   Level
a - Scorch                Fire           38%        2d6       4%          2
b - Frozen Ramparts       Ice            62%        1d8       2%          3
c - Olgreb's Toxic Radia  Pois           13%        N/A       43%         4

Your spell library contained the following spells:

 Spells                   Type           Power      Damage    Failure   Level
 Freeze                   Ice            100%       1d11      1%          1
 Sting                    Tmut/Pois      32%        1d4       8%          1
 Poisonous Vapours        Pois/Air       16%        N/A       12%         2
 Magic Dart               Conj           12%        1d3       13%         1
 Searing Ray              Conj           6%         2d4       21%         2
 Hailstorm                Conj/Ice       17%        3d6       30%         4
 Fulminant Prism          Conj/Hex       1%         3d6       78%         4


Dungeon Overview and Level Annotations

Branches:
Dungeon (7/15)
 Temple: D:4-7

Altars:


Innate Abilities, Weirdness & Mutations

You passively map the area around you.
You are easily found by Zot.
You glow in the dark.
You regain HP and MP as you explore.


Message History

Joseph says, "It's nothing personal."
Joseph shoots a sling bullet.
The sling bullet hits you!
* * * LOW HITPOINT WARNING * * *
Casting: Scorch (safe; 4% risk of failure)
Confirm with . or Enter, or press ? or * to list all spells.
Flames lash Joseph.
Joseph is burned terribly!
Joseph is almost dead.
The wall freezes Joseph.
Joseph shoots a sling bullet.
The sling bullet hits you!
* * * LOW HITPOINT WARNING * * *
Okay, then.
Unknown command.
It was a potion of berserk rage.
A red film seems to cover your vision as you go berserk!
You feel yourself moving faster!
You feel mighty!
The wall freezes Joseph!
You kill Joseph!
Training target 7.0 for Ice Magic reached!
Your Fighting skill increases to level 4!
Your Ice Magic skill increases to level 7!
Your Poison Magic skill gained 2 levels and is now at level 2!
You have reached level 9!
Your experience leads to an increase in your attributes!
Increase (S)trength, (I)ntelligence, or (D)exterity?
You feel clever. x2; You feel agile.
Your attunement to dungeon structure grows.
Unknown command.
You feel a strong urge to attack something.
You feel your anger nearly subside.
You are no longer berserk.
You are exhausted.
You feel yourself slow down.
The frozen ramparts melt away as you move.
A white imp comes into view.
The white imp shouts, "Give up, thou ducking full-gorged strumpet!"
The white imp gestures at you. The puff of frost hits you!
* * * LOW HITPOINT WARNING * * *
The white imp gestures at you. The puff of frost hits you!
You die...

, * ,, ... ...# * , **
, ##..##...# ,* * , , ,
** , ...<....# ,# *, ,*
.......#,.# * * * *
......#..#, , * , , ,
........# * * ,,
..#####.#...# ,* , , ,
....5.)$....#, *, , ,,
, , ..#####@##..# #. *
+ #####..#..# , ####.
#......#..# , .... ,
*,#....)†#..#,# , ,.. *
#......#.$#.# * * ### *
#...........#* , #.. *
* #........#### * ###.#
* ,#........######
#.... * ,
,#......#>.....####.#..


You could see a white imp.

Vanquished Creatures
  Joseph (D:7)
  2 steam dragons
  A water moccasin (D:6)
  An orc warrior (D:6)
  2 phantoms
  A bullfrog (D:7)
  2 scorpions (D:6)
  Dowan (D:5)
  A howler monkey (D:6)
  2 hounds
  2 jellies
  2 orc wizards
  A white imp (D:5)
  4 ufetubi
  A worm (D:4)
  2 dart slugs (D:5)
  6 orcs (D:6)
  5 ball pythons
  An endoplasm (D:4)
  A giant cockroach (D:4)
  5 hobgoblins
  3 kobolds
  A quokka (D:4)
  3 bats
  A rat (D:3)
52 creatures vanquished.

Notes
Turn   | Place    | Note
-------+----------+-------------------------------------------
     0 | D:1      | frimble the Meteoran Cinder Acolyte began the quest for the
                  | Orb.
     0 | D:1      | Reached XP level 1. HP: 19/19 MP: 3/3
    23 | D:1      | You fall into a shaft and drop 1 floor!
    49 | D:1      | Reached XP level 2. HP: 23/26 MP: 5/5
   280 | D:4      | Reached XP level 3. HP: 9/31 MP: 7/7
   335 | D:4      | Reached skill level 5 in Maces & Flails
   335 | D:4      | Reached XP level 4. HP: 22/38 MP: 7/9
   374 | D:5      | Entered Level 5 of the Dungeon
   378 | D:5      | Noticed Dowan
   392 | D:5      | Killed Dowan
   393 | D:5      | Reached XP level 5. HP: 44/45 MP: 9/11
   396 | D:5      | Learned a level 2 spell: Scorch
   400 | D:5      | Learned a level 3 spell: Frozen Ramparts
   445 | D:5      | Reached skill level 1 in Ice Magic
   445 | D:5      | Noticed a phantom
   452 | D:5      | Killed a phantom
   453 | D:5      | Reached skill level 6 in Maces & Flails
   453 | D:5      | Reached XP level 6. HP: 48/51 MP: 3/12
   584 | D:6      | Reached skill level 7 in Maces & Flails
   584 | D:6      | Reached XP level 7. HP: 54/57 MP: 7/13
   637 | D:6      | Reached skill level 8 in Maces & Flails
   674 | D:5      | Reached XP level 8. HP: 26/63 MP: 12/14
   706 | D:6      | Reached skill level 1 in Dodging
   724 | D:6      | Noticed a steam dragon
   729 | D:6      | Killed a steam dragon
   730 | D:6      | Reached skill level 5 in Ice Magic
   980 | D:7      | Noticed a steam dragon
   989 | D:7      | Killed a steam dragon
  1012 | D:7      | Learned a level 4 spell: Olgreb's Toxic Radiance
  1015 | D:7      | Noticed Joseph
  1029 | D:7      | Killed Joseph
  1030 | D:7      | Gained mutation: You passively map the area around you.
                  | [Meteoran growth]
  1030 | D:7      | Reached XP level 9. HP: 16/72 MP: 1/15
  1034 | D:7      | Killed from afar by a white imp

Illustrated notes

Levels and vault maps discovered:
D:1:      dpeg_arrival_rooms_with_view, layout_loops_ring,
          shapermc_ecumenical_altar_mp_vishouse, solitary_fountain,
          chequers_jeans, minmay_hexomino_r4
D:2:      layout_rooms, hangedman_feature_mirror
D:3:      mumra_celtic_spiral_tile, layout_rooms, uniq_jessica, uniq_robin
D:4:      layout_rooms, kennysheep_crisscross, minmay_crystal_water,
          minmay_door_square
D:5:      layout_cave_pools, minmay_temple_entry_waves,
          minmay_misc_feat_hallway, uniq_duvessa
D:6:      layout_basic, roderic_roman_lattice, hex_large, st_stairs_1,
          kennysheep_generic_room_12
D:7:      kennysheep_housing_project, layout_basic, enter_bailey_2,
          nicolae_shop_fire_sale [nicolae_sub_dead_trees], uniq_joseph

Skill      XL: |  1  2  3  4  5  6  7  8 |
---------------+-------------------------+-----
Spellcasting   | 2 3 |  3.7
Maces & Flails | 5 6 7 8 |  8.0
Ice Magic      | 2 3 4 7 |  7.0
Dodging        | 4 |  4.0
Fighting       | 4 |  4.7
Poison Magic   | 2 |  2.4
Fire Magic     | |  3.8

Action                   |  1- 3 |  4- 6 |  7- 9 || total
-------------------------+-------+-------+-------++-------
Melee: Mace              |    30 |    18 |    72 ||   120
       Punch             |       |       |     1 ||     1
 Cast: Scorch            |       |     9 |    18 ||    27
       Frozen Ramparts   |       |     1 |     5 ||     6
Invok: Fiery Armour      |     1 |       |       ||     1
  Use: Scroll            |     1 |     4 |     4 ||     9
       Potion            |       |       |     1 ||     1
Armor: Robe              |    17 |    10 |    18 ||    45
Dodge: Dodged            |    19 |    10 |    36 ||    65

Table legend: (Time is in decaauts)
 A = Elapsed time spent in this place.
 B = Non-inter-level travel time spent in this place.
 C = Inter-level travel time spent in this place.
 D = Time resting spent in this place.
 E = Time spent auto-exploring this place.
 F = Levels seen in this place.
 G = Mean time per level.
                   A        B        C        D        E       F      G
               +--------+--------+--------+--------+--------+-----+--------+
         Total |   1039 |    852 |    187 |      2 |    231 |   7 |  148.4 |
       Dungeon |   1039 |    852 |    187 |      2 |    231 |   7 |  148.4 |
               +--------+--------+--------+--------+--------+-----+--------+

Top non-repeatable levels by time:
     D:6: 286 daAuts
     D:5: 189 daAuts
     D:7: 182 daAuts
     D:1: 157 daAuts
     D:4: 107 daAuts
     D:2: 81 daAuts
     D:3: 35 daAuts
